 Dungeon Crawl Stone Soup version 0.31-a0-1009-g454b1f1e0a (webtiles) character file.

Game seed: 16956600063160474551

103178 MacCMillion the Brawler (level 15, -3/165 HPs)
             Began as a Troll Shapeshifter on Nov 15, 2023.
             Was the Champion of Wu Jian.
             Slain by an 11-headed hydra (6 damage)
             ... on level 3 of the Lair of Beasts.
             The game lasted 01:06:22 (30054 turns).

MacCMillion the Brawler (Troll Shapeshifter)       Turns: 30054, Time: 01:06:23

Health: -3/165     AC: 10    Str: 30    XL:     15   Next: 88%
Magic:  14/14      EV: 17    Int:  6    God:    Wu Jian [******]
Gold:   3330       SH:  5    Dex:  9    Spells: 14/14 levels left

rFire   . .          .
                       - Unarmed
rCold   . . .        (shield currently unavailable)
rNeg    . . .        K - +0 acid dragon scales
rPois   .            (helmet restricted)
rElec   .            E - +1 cloak {Will+}
rCorr   +            (gloves unavailable)
SInv    .            (boots unavailable)
Will    +++..        n - amulet of reflection
Stlth   +            H - ring of willpower
HPRegen 1.27/turn    o - +5 ring of evasion
MPRegen 0.14/turn

%: reflection
@: flux-form, glowing, studying Fighting
A: glow, contaminating, large, unfitting armour, claws 3, regeneration 1, shaggy
fur 1, tough skin 1, weak 1
a: Begin Untransformation, Renounce Religion, Wall Jump, Serpent's Lash,
Heavenly Storm


You were on level 3 of the Lair of Beasts.
You worshipped Wu Jian.
Wu Jian was exalted by your worship.
You were something dangerously unstable.
You visited 5 branches of the dungeon, and saw 24 of its levels.
You also visited: Ice Cave.

You collected 4657 gold pieces.
You spent 1327 gold pieces at shops.

Inventory:

Missiles
 q - 5 throwing nets
 N - 5 curare-tipped darts
 P - 36 large rocks
 R - 4 javelins
Armour
 E - a +1 cloak of willpower (worn)
 K - +0 acid dragon scales (worn)
 X - a +0 tower shield of cold resistance
Jewellery
 k - a +6 ring of strength
 n - an amulet of reflection (around neck)
 o - a +5 ring of evasion (right claw)
 y - a ring of fire
 H - a ring of willpower (left claw)
 M - a ring of fire
 O - a ring of resist corrosion
 T - a ring of positive energy
Talismans
 c - a beast talisman
 d - a flux talisman (active)
Wands
 a - a wand of polymorph (2)
 b - a wand of acid (20)
 A - a wand of flame (65)
 F - a wand of iceblast (12)
 G - a wand of paralysis (8)
Scrolls
 f - 4 scrolls of enchant weapon
 g - 7 scrolls of fog
 h - 4 scrolls of poison
 p - 3 scrolls of fear
 r - 3 scrolls of amnesia
 t - 4 scrolls of vulnerability
 u - 3 scrolls of noise
 v - 3 scrolls of blinking
 w - 4 scrolls of immolation
 z - 5 scrolls of brand weapon
 B - 2 scrolls of revelation
 J - 4 scrolls of torment
 L - 2 scrolls of teleportation
 Q - a scroll of silence
 S - a scroll of summoning
 V - a scroll of enchant armour
Potions
 e - 10 potions of curing
 i - 3 potions of enlightenment
 j - a potion of cancellation
 l - a potion of ambrosia
 m - 6 potions of attraction
 s - 3 potions of might
 x - 3 potions of brilliance
 C - a potion of resistance
 D - 6 potions of mutation
 I - 3 potions of invisibility
 U - a potion of magic
 W - 2 potions of haste
 Y - 3 potions of lignification
Miscellaneous
 Z - a box of beasts


   Skills:
 + Level 14.3 Fighting
 - Level 8.0 Throwing
 + Level 11.0 Dodging
 * Level 16.4 Unarmed Combat
 + Level 11.5 Shapeshifting


You had 14 spell levels left.
You didn't know any spells.
Your spell library contained the following spells:

 Spells                   Type           Power      Damage    Failure   Level
 Apportation              Tloc           0%         N/A       52%         1
 Magic Dart               Conj           0%         1d3       52%         1
 Necrotise                Necr           0%         1d4       52%         1
 Summon Small Mammal      Summ           0%         N/A       52%         1
 Cigotuvi's Dreadful Rot  Necr/Pois/Air  0%         N/A       65%         2
 Jinxbite                 Hex            0%         N/A       65%         2
 Searing Ray              Conj           0%         2d4       65%         2
 Hailstorm                Conj/Ice       0%         3d3       87%         3
 Ignite Poison            Fire/Tmut/Pois 0%         N/A       87%         3
 Stone Arrow              Conj/Erth      0%         3d7       87%         3
 Animate Armour           Summ/Erth      0%         N/A       99%         4
 Fulminant Prism          Conj/Hex       0%         3d5       99%         4
 Summon Ice Beast         Ice/Summ       0%         N/A       99%         4
 Alistair's Intoxication  Tmut/Pois      0%         N/A       100%        5
 Freezing Cloud           Conj/Ice/Air   0%         6-21      100%        5
 Simulacrum               Ice/Necr       0%         N/A       100%        6
 Lehudib's Crystal Spear  Conj/Erth      0%         10d2      100%        8


Dungeon Overview and Level Annotations

Branches:
Dungeon (15/15)            Temple (1/1) D:4            Lair (5/5) D:11
  Swamp (1/4) Lair:3       Spider (0/4) Lair:2        Slime (0/5) Lair:5
    Orc (2/2) D:11            Elf (0/3) Orc:2        Vaults (0/5) D:13
 Depths (0/4) D:15          IceCv (visited)

Altars:
Ashenzari
Cheibriados
Dithmenos
Elyvilon
Fedhas
Gozag
Hepliaklqana
Kikubaaqudgha
Makhleb
Nemelex Xobeh
Okawaru
Qazlal
Ru
Sif Muna
Trog
Uskayaw
Vehumet
Wu Jian
Xom
Yredelemnul
Zin
The Shining One
Jiyva

Shops:
D:2 (   D:5 :   D:9 (   D:10 *   D:11 *   Orc:1 *   Orc:2 [*[!

Portals:
Trove: D:13 (give +6 ice dragon scales)

Annotations:
D:14 3 runed translucent doors, Ralffi009's ghost, journeyman MiFi
D:15 3 runed translucent doors, Pymiarph's ghost, journeyman DrMo
Orc:2 exclusion: door


Innate Abilities, Weirdness & Mutations

You are something dangerously unstable.
You glow with magical radiation, making you easy to see and hit.
Foes you strike become dangerously contaminated with magical radiation.
You are incapable of wielding weapons or throwing items.
You are too large for most types of armour.
You have claws for hands.
Your natural rate of healing is unusually fast.
You are covered in fur. (AC +1)
You have tough skin. (AC +1)
You are weak. (Str -2)


Message History

The nine-headed hydra closely misses you.
The nine-headed hydra bites you but does no damage.
The nine-headed hydra bites you! The nine-headed hydra bites you.
You rip one of the nine-headed hydra's heads off!
The eight-headed hydra grows two more!
You claw the ten-headed hydra!
The ten-headed hydra begins to glow.
The ten-headed hydra is severely wounded.
The alligator closely misses you. You block the alligator's attack.
The alligator bites you!!
* * * LOW HITPOINT WARNING * * *
The alligator closely misses you.
You tear one of the ten-headed hydra's heads off!
The nine-headed hydra grows two more!
You scratch the 11-headed hydra.
The 11-headed hydra glows dangerously bright.
The 11-headed hydra is heavily wounded.
The alligator bites you!!
* * * LOW HITPOINT WARNING * * *
The alligator completely misses you. The 11-headed hydra barely misses you.
The 11-headed hydra closely misses you. The 11-headed hydra barely misses you.
The 11-headed hydra misses you.
The 11-headed hydra completely misses you.
The 11-headed hydra barely misses you. The 11-headed hydra bites you!
* * * LOW HITPOINT WARNING * * *
The 11-headed hydra misses you. The 11-headed hydra bites you.
* * * LOW HITPOINT WARNING * * *
The 11-headed hydra barely misses you. The 11-headed hydra closely misses you.
The alligator bites you but does no damage.
The alligator closely misses you.
You scratch the 11-headed hydra but do no damage.
The 11-headed hydra shudders as magic cascades through it!
The 11-headed hydra twists and deforms.
The 11-headed hydra is severely wounded.
The alligator bites you.
* * * LOW HITPOINT WARNING * * *
The alligator tail-slaps you.
* * * LOW HITPOINT WARNING * * *
The 11-headed hydra bites you.
* * * LOW HITPOINT WARNING * * *
You block the 11-headed hydra's attack. The 11-headed hydra bites you.
You die...

##......÷...# #..##
#P..........# ##.#
#....####..## #..## ##..##
#..##########...# #....#
#...#..#..#....## ##..##
#...†..........## #...#
♣...............##
##..♣♣♣♣♣♣♣♣♣♣♣.........#.
#..♣.§§tp♣♣♣ ♣.##..>.....
#..♣..§♣tD.♣♣♣###...÷....
#.♣♣..§......♣ #.........
#.♣♣♣♣♣.....♣♣ ##.P......
#.♣♣♣.♣..♣♣♣.♣ #.P......
##.#♣..[.♣....♣ #.#......
#..#♣..♣♣.♣...♣ ##..###..#
##..♣..♣♣....♣♣♣#.........
#..♣..♣♣....♣ #.#........


You could see a 11-headed hydra (misshapen) and 2 alligators.

Vanquished Creatures
  Jorgrun (D:13)
  Kirke (Lair:3)
  A frost giant (IceCv)
  Louise (D:14)
  Nessos (D:12)
  A dire elephant (Lair:5)
  Azrael (D:12)
  Josephine (D:12)
  A fire dragon (D:15)
  4 vault guards (D:13)
  An ogre mage (D:14)
  3 hydras
  Harold (D:9)
  7 two-headed ogres
  2 catoblepae (Lair:5)
  6 centaur warriors
  3 boulder beetles
  A sphinx skeleton (D:15)
  A deep troll shaman (Lair:5)
  10 death yaks
  A vampire mage (D:15)
  3 orc high priests (Orc:2)
  Sonja (D:11)
  11 skeletal warriors
  A skyshark (Lair:5)
  2 spriggan druids (Lair:3)
  Lodul (D:11)
  6 orc knights
  Pikel (D:6)
  5 deep elf pyromancers
  A necromancer (D:15)
  3 ugly things
  A manticore (D:12)
  5 cyclopes
  5 orc sorcerers
  6 black mambas
  An ice statue (IceCv)
  11 elephants
  A torpor snail (Lair:4)
  14 cane toads
  A gargoyle (D:11)
  Psyche (D:10)
  A kobold demonologist (D:9)
  4 rime drakes
  An unseen horror (D:12)
  An efreet (D:15)
  Maggie (D:7)
  7 komodo dragons
  6 trolls
  A tyrant leech (Lair:3)
  3 meliai (D:14)
  14 polar bears
  A hornet (Lair:3)
  8 blink frogs
  Sigmund (D:6)
  5 dream sheep (Lair:5)
  8 slime creatures
  2 jumping spiders (shapeshifter)
  A vampire (D:12)
  A shadow (D:9)
  A spriggan skeleton (D:15)
  66 yaks
  2 yaks (shapeshifter)
  6 wyverns
  7 wraiths
  A steam dragon (D:7)
  4 hogs (Lair:3)
  5 vampire mosquitoes
  4 basilisks
  6 fire elementals (D:12)
  Menkaure (D:6)
  6 wargs
  12 water moccasins
  4 acid dragons
  2 hell hounds (D:12)
  A black bear (Lair:5)
  19 orc warriors
  2 sky beasts (D:7)
  An ice beast (D:8)
  A black bear (shapeshifter) (D:12)
  9 ogres
  12 centaurs
  28 wolves
  A phantom (D:4)
  3 kobold brigands
  2 gnoll sergeants
  8 bullfrogs
  8 scorpions
  3 wights (D:6)
  15 killer bees
  5 howler monkeys
  An electric eel (D:8)
  5 jellies
  2 hounds (D:5)
  4 gnoll boudas
  13 orc priests
  4 iguanas
  14 orc wizards
  4 hell rats (Lair:5)
  9 adders
  17 gnolls
  2 shadow imps
  4 ufetubi (D:6)
  A worm (D:2)
  3 dart slugs
  38 orcs
  7 ball pythons
  6 bats
  5 endoplasms
  10 giant cockroaches
  7 goblins
  8 hobgoblins
  3 jackals (D:2)
  22 kobolds
  A quokka (D:3)
  4 frilled lizards
  A rat (D:2)
  2 butterflies (Lair:3)
638 creatures vanquished.

Vanquished Creatures (others)
  A yak (D:12)
  An orc wizard (Orc:2)
  An orc (Orc:1)
3 creatures vanquished.

Grand Total: 641 creatures vanquished

Notes
Turn   | Place    | Note
-------+----------+-------------------------------------------
     0 | D:1      | MacCMillion the Troll Shapeshifter began the quest for the
                  | Orb.
     0 | D:1      | Reached XP level 1. HP: 18/18 MP: 0/0
   120 | D:1      | Reached XP level 2. HP: 26/26 MP: 1/1
   477 | D:2      | Reached skill level 4 in Unarmed Combat
   536 | D:2      | Reached XP level 3. HP: 32/32 MP: 2/2
   552 | D:2      | Found a faded altar of an unknown god.
   799 | D:2      | Reached XP level 4. HP: 40/40 MP: 3/3
   919 | D:2      | Found Lothrasku's Antique Weapon Emporium.
  1156 | D:3      | Reached skill level 5 in Unarmed Combat
  1820 | D:4      | Noticed a phantom
  1834 | D:4      | Killed a phantom
  1835 | D:4      | Reached skill level 6 in Unarmed Combat
  1835 | D:4      | Reached XP level 5. HP: 26/46 MP: 4/4
  1960 | D:4      | Noticed an ogre
  2103 | D:4      | Found a glowing silver altar of Zin.
  2103 | D:4      | Noticed an angel
  2415 | D:4      | Found a staircase to the Ecumenical Temple.
  2420 | D:4      | Reached XP level 6. HP: 44/54 MP: 5/5
  2430 | Temple   | Entered the Ecumenical Temple
  2438 | Temple   | Became a worshipper of the Wu Jian Council
  2479 | D:4      | Reached skill level 7 in Unarmed Combat
  2659 | D:4      | Found a hide-covered altar of Uskayaw.
  2680 | D:5      | Entered Level 5 of the Dungeon
  2680 | D:5      | Found a shimmering altar of Xom.
  2680 | D:5      | Found a shimmering altar of Xom.
  2681 | D:5      | Found a shimmering altar of Xom.
  2682 | D:5      | Found a shimmering altar of Xom.
  2786 | D:5      | Found a hazy altar of Hepliaklqana.
  2787 | D:5      | Found an opulent altar of Gozag.
  2880 | D:5      | Reached skill level 8 in Unarmed Combat
  3005 | D:5      | Reached XP level 7. HP: 61/61 MP: 6/6
  3386 | D:5      | Found Hocwakh's Tiny Tomes.
  3622 | D:6      | Reached skill level 9 in Unarmed Combat
  3885 | D:6      | Reached * piety under Wu Jian
  4027 | D:6      | Reached XP level 8. HP: 63/68 MP: 7/7
  4064 | D:6      | Reached skill level 10 in Unarmed Combat
  4068 | D:6      | Noticed Pikel
  4079 | D:6      | Killed Pikel
  4080 | D:6      | Reached skill level 11 in Unarmed Combat
  4080 | D:6      | Reached skill level 1 in Fighting
  4201 | D:6      | Noticed Menkaure
  4205 | D:6      | Killed Menkaure
  4676 | D:6      | Found a glowing golden altar of the Shining One.
  4685 | D:6      | Noticed Sigmund
  4690 | D:6      | Killed Sigmund
  4863 | D:7      | Identified the "Furokad"
  4970 | D:7      | Reached XP level 9. HP: 80/80 MP: 8/8
  5282 | D:7      | Found a blossoming altar of Fedhas.
  5502 | D:7      | Noticed Maggie
  5512 | D:7      | Killed Maggie
  5685 | D:7      | Reached skill level 5 in Shapeshifting
  5765 | D:7      | Found a shimmering blue altar of Sif Muna.
  6759 | D:8      | Reached ** piety under Wu Jian
  7256 | D:9      | Noticed Harold
  7593 | D:9      | Reached XP level 10. HP: 94/94 MP: 9/9
  7683 | D:9      | Reached skill level 5 in Dodging
  7687 | D:9      | Reached skill level 5 in Fighting
  7819 | D:9      | Found Hycveo's Weapon Shoppe.
  8212 | D:9      | Killed Harold
  8244 | D:9      | Noticed a two-headed ogre
  8251 | D:9      | Killed a two-headed ogre
  8353 | D:9      | Noticed a sixfirhy
  8685 | D:10     | Entered Level 10 of the Dungeon
  8705 | D:10     | Noticed a two-headed ogre
  8962 | D:10     | Found a snail-covered altar of Cheibriados.
  8966 | D:10     | Noticed a two-headed ogre
  8967 | D:10     | Killed a two-headed ogre
  8968 | D:10     | Reached XP level 11. HP: 107/107 MP: 10/10
  9202 | D:10     | Reached *** piety under Wu Jian
  9558 | D:10     | Found Gocixzaz's Assorted Antiques.
  9607 | D:10     | Killed a two-headed ogre
  9661 | D:10     | Noticed Psyche
  9990 | D:10     | Bought a scroll of identify for 44 gold pieces
 10287 | D:11     | Found Eceid's Assorted Antiques.
 10355 | D:11     | Noticed a skeletal warrior
 10355 | D:11     | Noticed a five-headed hydra
 10368 | D:11     | Noticed a skeletal warrior
 10369 | D:11     | Noticed a centaur warrior
 10369 | D:11     | Noticed a tengu warrior
 10369 | D:11     | Noticed a four-headed hydra
 10378 | D:11     | Noticed Sonja
 10379 | D:11     | Noticed Lodul
 10383 | D:11     | Found a staircase to the Orcish Mines.
 10401 | D:11     | Killed Lodul
 10419 | D:11     | Killed Sonja
 10586 | D:11     | Noticed a two-headed ogre
 10594 | D:11     | Killed a two-headed ogre
 10594 | D:11     | Reached **** piety under Wu Jian
 11512 | D:11     | Found a staircase to the Lair.
 11773 | Lair:1   | Entered Level 1 of the Lair of Beasts
 11872 | D:10     | Killed Psyche
 12348 | Lair:1   | Reached skill level 1 in Throwing
 12527 | Lair:1   | Reached XP level 12. HP: 122/122 MP: 11/11
 13008 | Lair:1   | Identified the +10 flail "Cagoirph" {venom, Will+ Int-2
                  | Dex+3}
 13348 | Lair:2   | Found a hole to the Spider Nest.
 13555 | Lair:2   | Reached skill level 5 in Throwing
 14679 | Lair:3   | Reached skill level 10 in Fighting
 15025 | Lair:3   | Found a staircase to the Swamp.
 15164 | Lair:3   | Noticed Kirke
 15169 | Lair:3   | Noticed a sphinx
 15172 | Lair:3   | Killed Kirke
 15678 | Lair:3   | Identified 3 scrolls of acquirement
 15678 | Lair:3   | Acquired 1033 gold pieces
 15680 | Lair:3   | Acquired a manual of Fighting
 15682 | Lair:3   | Acquired 1064 gold pieces
 15800 | D:10     | Bought a scroll of fear for 88 gold pieces
 15800 | D:10     | Bought an emerald potion for 19 gold pieces
 15800 | D:10     | Bought an emerald potion for 19 gold pieces
 15831 | D:11     | Bought a scroll labelled DUEKHE SIOCAUJ for 25 gold pieces
 15831 | D:11     | Bought a grey potion for 22 gold pieces
 15831 | D:11     | Bought a scroll of fear for 100 gold pieces
 15942 | Lair:3   | Reached XP level 13. HP: 114/133 MP: 12/12
 17303 | Lair:5   | Entered Level 5 of the Lair of Beasts
 17743 | Lair:5   | Reached skill level 12 in Unarmed Combat
 17957 | Lair:5   | Found a staircase to the Slime Pits.
 17957 | Lair:5   | Found a viscous altar of Jiyva.
 18037 | Lair:5   | Reached ***** piety under Wu Jian
 18995 | Lair:5   | Reached skill level 13 in Unarmed Combat
 20111 | Lair:5   | Reached XP level 14. HP: 136/148 MP: 13/13
 20803 | Orc:1    | Entered Level 1 of the Orcish Mines
 21238 | Orc:1    | Found Mataraom's CLEARANCE SALE!.
 21308 | Orc:1    | Bought an amulet of reflection for 120 gold pieces
 21308 | Orc:1    | Bought a scroll of identify for 8 gold pieces
 21600 | Orc:2    | Identified the "Gigutag"
 21600 | Orc:2    | Entered Level 2 of the Orcish Mines
 21668 | Orc:2    | Found a staircase to the Elven Halls.
 22462 | Orc:2    | Found a shimmering blue altar of Sif Muna.
 22726 | Orc:2    | Gained mutation: You are weak. (Str -2) [a neqoxec]
 22969 | Orc:2    | Reached skill level 14 in Unarmed Combat
 23214 | Orc:2    | Found Hydduigi's Armour Shoppe.
 23214 | Orc:2    | Found Fux Gyot's Distillery.
 23374 | Orc:2    | Found Kadeywol's Assorted Antiques.
 23374 | Orc:2    | Found Dase's Armour Boutique.
 23380 | Orc:2    | Bought a +1 cloak of willpower for 198 gold pieces
 23382 | Orc:2    | Bought a scroll of identify for 52 gold pieces
 23382 | Orc:2    | Bought a scroll of identify for 52 gold pieces
 23382 | Orc:2    | Bought a scroll of teleportation for 78 gold pieces
 23384 | Orc:2    | Bought a scroll of identify for 52 gold pieces
 23388 | Orc:2    | Bought 2 potions of haste for 360 gold pieces
 23388 | Orc:2    | Bought a potion of heal wounds for 90 gold pieces
 23497 | D:12     | Noticed Nessos
 23502 | D:12     | Reached skill level 10 in Shapeshifting
 23517 | D:12     | Killed Nessos
 23687 | D:12     | Noticed Azrael
 23721 | D:12     | HP: 2/150 [Azrael/damnation (38)]
 23724 | D:12     | Killed Azrael
 24097 | D:12     | Found a frozen archway.
 24110 | IceCv    | Entered an ice cave
 24245 | IceCv    | Reached skill level 10 in Dodging
 24512 | IceCv    | Reached ****** piety under Wu Jian
 24726 | IceCv    | Noticed a frost giant
 24749 | IceCv    | Reached skill level 15 in Unarmed Combat
 24761 | IceCv    | Killed a frost giant
 24772 | IceCv    | Reached XP level 15. HP: 113/161 MP: 14/14
 24852 | IceCv    | Identified the staff "Evececyd" {rN+ Int+6 Necro Poison}
 25187 | D:12     | Noticed Josephine
 25201 | D:12     | Killed Josephine
 25650 | D:13     | Found a portal to a secret trove of treasure.
 25755 | D:13     | Identified the +2 chain mail "Havar" {Str+2 Int+3}
 25793 | D:13     | Found a gate to the Vaults.
 26401 | D:13     | Found a blossoming altar of Fedhas.
 26498 | D:13     | Noticed Jorgrun
 26511 | D:13     | Killed Jorgrun
 26700 | D:14     | Identified the +0 flail of Cobwebs {venom, *Noise rElec rC+
                  | Int+3}
 26711 | D:14     | Identified the +6 long sword of the Blessed Realm {freeze,
                  | Str+3 Dex+2}
 26809 | D:15     | Entered Level 15 of the Dungeon
 27162 | D:14     | Found a runed translucent gate.
 27162 | D:14     | Found a runed translucent gate.
 27162 | D:14     | Found a runed translucent gate.
 27216 | D:14     | Noticed Louise
 27228 | D:14     | Noticed Ralffi009's ghost (journeyman MiFi)
 27442 | D:14     | Killed Louise
 27443 | D:14     | Reached skill level 16 in Unarmed Combat
 27860 | D:14     | Found a viscous altar of Jiyva.
 27994 | D:14     | Identified the +2 orcbow of Seisuose {freeze, rPois Will-
                  | Str+2}
 28448 | D:15     | Found a staircase to the Depths.
 29138 | D:15     | HP: 3/161 [skeletal warrior/+0 halberd (15)]
 29398 | D:15     | Found a runed translucent gate.
 29399 | D:15     | Found a runed translucent gate.
 29399 | D:15     | Noticed Pymiarph's ghost (journeyman DrMo)
 29400 | D:15     | Found a runed translucent gate.
 29405 | D:15     | Identified the +10 plate armour of Dawn {Str+3 Int+2}
 30023 | Swamp:1  | Entered Level 1 of the Swamp
 30054 | Lair:3   | HP: 7/165 [alligator (3)]
 30054 | Lair:3   | HP: 3/165 [11-headed hydra (4)]
 30054 | Lair:3   | Slain by an 11-headed hydra

Illustrated notes

Levels and vault maps discovered:
D:1:      dpeg_arrival_short_road, layout_basic, serial_corexii_hall,
          corexii_hall_statues_u, chequers_hall_statues_wall_a
D:2:      layout_loops_cross, ebering_ecumenical_altar_rust, serial_shops,
          nicolae_shop_tiny_statue_garden, minmay_misc_feat_doors,
          hangedman_abyss_or_decor_stabs, nrook_mini_vaults
D:3:      layout_loops_ring
D:4:      nicolae_BIG_FREAKIN_CUBE, layout_cave_pools, kennysheep_mini,
          zin_angel, minmay_temple_entry_proselytizer
D:5:      layout_rooms, xom_redecorated, nicolae_overflow_squiral,
          nicolae_shop_i_like_small_books_too, minmay_fractal_squares_5
D:6:      layout_cave_pods, tso_oasis_becter, uniq_sigmund, uniq_menkaure,
          uniq_pikel
D:7:      layout_layer_cave, old_standard_altar,
          mainiacjoe_overflow_concentric_impassable, uniq_maggie
D:8:      layout_gridville, water_boxes_lemuel
D:9:      layout_loops_corners, serial_shops, nicolae_shop_tiny_real_fake_doors,
          kennysheep_generic_room_10, uniq_harold
D:10:     layout_roguey, nicolae_overflow_crystal_walls, serial_shops,
          nicolae_shop_crystal, minmay_fractal_squares_diagonal_5, uniq_psyche
D:11:     layout_basic, lair_entry_dummy, orc_0_dummy, serial_shops, shop,
          minivault_12, uniq_sonja, uniq_lodul
D:12:     layout_basic, portal_ice_cave_entry_pillars_2, uniq_josephine,
          uniq_nessos, uniq_azrael
D:13:     layout_roguey, lightli_vaults_fourway_checkpoint,
          nicolae_trove_entry_isolated, fedhas_altar_3, uniq_jorgrun
D:14:     cheibrodos_elevator_heist, layout_irregular_city,
          nicolae_benzene_ring, gammafunk_ghost_spectres, serial_column_ruins,
          column_ruins_hut, column_ruins_hut_water,
          column_ruins_open_small_water, column_ruins_grid_1,
          column_ruins_open_small, column_ruins_columns_straight,
          column_ruins_grid_3, jiyva_altar_1, uniq_louise
D:15:     gammafunk_depths_entry_grave, layout_long_grid,
          biasface_ghost_orc_armoury
Temple:   hellmonk_temple_forest_ring
Lair:1:   layout_roguey, grunt_megastairs_4
Lair:2:   layout_chaotic_city, nicolae_spider_entry_non_spiders,
          chequers_serial_rivers_room_a, lemuel_fruit_tree, grunt_megastairs_3,
          infiniplex_staircase_pool_2
Lair:3:   layout_chaotic_city, mainiacjoe_swamp_entry_angry_trees,
          lemuel_fruit_fields, lemuel_fruit_fields, uniq_kirke
Lair:4:   layout_hall_layers
Lair:5:   grunt_lair_end_beastmaster, layout_loops_ring, slime_entry_1
Swamp:1:  layout_falls_marsh, evilmike_swamp_ruin_house_3, swamp_pool_1_2
Orc:1:    layout_caves, nicolae_shop_clearance
Orc:2:    grunt_orc_tribal_feast, layout_caves, basic_altar, special_room,
          led_sif_book

Skill      XL: |  1  2  3  4  5  6  7  8  9 10 11 12 13 14 15 |
---------------+----------------------------------------------+-----
Unarmed Combat | 4 6 8 9 11 13 15 16 | 16.4
Fighting       | 2 4 6 8 10 11 13 14 | 14.3
Dodging        | 2 4 6 8 9 10 11 | 11.0
Shapeshifting  | 4 6 7 9 10 11 | 11.5
Throwing       | 2 8 |  8.0

Action                     |  1- 3 |  4- 6 |  7- 9 | 10-12 | 13-15 || total
---------------------------+-------+-------+-------+-------+-------++-------
  Melee: Unarmed           |    65 |    97 |   213 |   482 |  1300 ||  2157
         Punch             |     1 |     8 |    13 |    33 |     7 ||    62
  Throw: Large rock        |       |       |       |       |     6 ||     6
 Invoke: Serpent's Lash    |       |       |       |     4 |     5 ||     9
Ability: Lunge             |       |     2 |    32 |    69 |   131 ||   234
         Whirlwind         |       |       |     1 |    40 |   140 ||   181
         Wall Jump         |       |       |       |     1 |       ||     1
  Evoke: Wand              |       |       |     1 |     3 |       ||     4
    Use: Scroll            |       |       |     7 |    12 |    14 ||    33
         Potion            |       |       |     1 |       |     1 ||     2
   Stab: Distracted        |       |       |     1 |       |       ||     1
 Armour: Animal skin       |    33 |    46 |    59 |       |       ||   138
         Steam dragon scal |       |       |    27 |    58 |       ||    85
         Skin              |       |       |     2 |     3 |       ||     5
         Acid dragon scale |       |       |       |   187 |   661 ||   848
  Dodge: Dodged            |    21 |    40 |   103 |   307 |   645 ||  1116
  Block: Other             |       |       |       |       |   148 ||   148
         Reflection        |       |       |       |       |     5 ||     5
   Form: Flux              |       |       |       |     1 |     4 ||     5
         Beast             |       |       |       |       |     4 ||     4

Table legend: (Time is in decaauts)
 A = Elapsed time spent in this place.
 B = Non-inter-level travel time spent in this place.
 C = Inter-level travel time spent in this place.
 D = Time resting spent in this place.
 E = Time spent auto-exploring this place.
 F = Levels seen in this place.
 G = Mean time per level.
                   A        B        C        D        E       F      G
               +--------+--------+--------+--------+--------+-----+--------+
         Total |  29768 |  27446 |   2322 |   9236 |  12481 |  25 | 1190.7 |
       Dungeon |  18377 |  16747 |   1630 |   5249 |   8390 |  15 | 1225.1 |
        Temple |     16 |      9 |      7 |      0 |      0 |   1 |   16.0 |
          Lair |   8206 |   7599 |    607 |   2898 |   3199 |   5 | 1641.2 |
         Swamp |      5 |      5 |      0 |      0 |      0 |   1 |    5.0 |
  Orcish Mines |   2241 |   2164 |     77 |    943 |    712 |   2 | 1120.5 |
      Ice Cave |    920 |    920 |      0 |    146 |    180 |   1 |  920.0 |
               +--------+--------+--------+--------+--------+-----+--------+

Top non-repeatable levels by time:
  Lair:5: 2596 daAuts
    D:11: 2326 daAuts
  Lair:4: 1886 daAuts
    D:14: 1782 daAuts
     D:9: 1749 daAuts
     D:7: 1611 daAuts
   Orc:2: 1390 daAuts
    D:10: 1374 daAuts
     D:6: 1355 daAuts
    D:15: 1268 daAuts
  Lair:2: 1255 daAuts
  Lair:3: 1251 daAuts
    D:13: 1237 daAuts
  Lair:1: 1216 daAuts
     D:8: 1017 daAuts
